 Dungeon Crawl Stone Soup version 0.26.1-11-gd32895ea62 (webtiles) character file.

Game seed: 7098304115898446058

266 phalm the Conjurer (level 6, 46/46 HPs)
             Began as a Demonspawn Conjurer on June 24, 2021.
             Was an Initiate of Gozag.
             Quit the game on level 3 of the Dungeon.
             The game lasted 00:06:29 (4419 turns).

phalm the Conjurer (Demonspawn Conjurer)            Turns: 4419, Time: 00:06:30

Health: 46/46      AC:  7    Str:  8    XL:     6   Next: 0%
Magic:  5/10       EV: 12    Int: 21    God:    Gozag
Gold:   345        SH:  0    Dex: 11    Spells: 4/11 levels left

rFire    . . .     SeeInvis .   g - +0 short sword
rCold    + . .     Faith    .   (no shield)
rNeg     . . .     Spirit   +   a - +0 robe
rPois    .         Reflect  .   (no helmet)
rElec    .         Harm     .   (no cloak)
rCorr    .         Rampage  .   l - +2 pair of gloves
Will     .....                  (no boots)
Stlth    ++........             (no amulet)
HPRegen  0.15/turn              (no ring)
MPRegen  0.12/turn              (no ring)

@: gold aura
A: claws 1, thin metallic scales 1, cold resistance 1, magic shield
a: Renounce Religion, Potion Petition, Call Merchant, Bribe Branch


You were on level 3 of the Dungeon.
You worshipped Gozag.
Gozag was aware of your devotion.
You visited 1 branch of the dungeon, and saw 3 of its levels.

You collected 359 gold pieces.
You paid 14 gold pieces to Gozag.


Innate Abilities, Weirdness & Mutations

You have sharp fingernails.
You are partially covered in thin metallic scales. (AC +2)
Your flesh is cold resistant. (rC+)
When hurt, damage is shared between your health and your magic reserves.


   Skills:
 + Level 2.5 Fighting
 - Level 1.7 Dodging
 - Level 1.7 Stealth
 + Level 3.2 Spellcasting
 + Level 5.5 Conjurations
 * Level 1.7 Translocations


You had 4 spell levels left.
You knew the following spells:

 Your Spells              Type           Power        Failure   Level
m - Magic Dart            Conj           100%         1%          1
s - Searing Ray           Conj           52%          1%          2
X - Iskenderun's Mystic   Conj/Tloc      18%          28%         4

Your spell library contained the following spells:

 Spells                   Type           Power        Failure   Level
 Dazzling Flash           Conj/Hex       30%          13%         3
 Fulminant Prism          Conj/Hex       7%           38%         4

Inventory:

Hand Weapons
 g - a +0 short sword (weapon)
   (You took it off a kobold on level 1 of the Dungeon)
Missiles
 h - 41 arrows
 j - 20 stones
 n - 19 poisoned darts (quivered)
 s - 13 javelins
 t - 5 boomerangs
Armour
 a - a +0 robe (worn)
 l - a +2 pair of gloves (worn)
   (You found it on level 3 of the Dungeon)
Scrolls
 c - 6 scrolls of remove curse {unknown}
 e - 2 scrolls of enchant weapon {unknown}
 f - 2 scrolls of teleportation {unknown}
 i - 4 scrolls of identify {unknown}
 k - a scroll of fog {unknown}
 r - a scroll of fear {unknown}
Potions
 b - 2 potions of brilliance {unknown}
 d - a potion of heal wounds {unknown}
 m - a potion of curing {unknown}
 o - a potion of degeneration {unknown}
 p - a potion of experience {unknown}
 q - a potion of ambrosia {unknown}

Dungeon Overview and Level Annotations

Branches:
Dungeon (3/15)

Altars:
Gozag
Okawaru

Shops:
D:2

*
..........(.#...##...##.....####
..........)<.(..##...##...<....#
.............(.................##
..........................gg....#
......###....)...........og.###.#
###...##.....###.$.o........###..
.........................>.##....
.##...)......###........(......##
....##.......###@................
....##....#)#....................
....##.####.......##.........###.
........# #.......##...#.........
....##..###........#...#.........
....##....#........#.......###...
....##......#.#....#.............
....##....###.#....#........#####
................####...........#


You could see an orc.


Message History

The orc wizard hits you but does no damage. 😎 MP[-1]
You lost 1 mp, and now have 3/9 mp.
Casting: Searing Ray (safe; 2% risk of failure)
Confirm with . or Enter, or press ? or * to list all spells.
Aiming: Searing Ray (safe; 2% risk of failure)
Press: ? - help, Shift-Dir - straight line, f/p - orc wizard
Aim: an orc wizard, wielding a +0 dagger and wearing a +0 robe (heavily wounded, 26% to evade)
The searing ray hits the orc wizard!
You kill the orc wizard! (Press . to maintain the ray.) 😎 MP[-2]
You lost 2 mp, and now have 1/9 mp. 😎 MP[-1]
You lost 1 mp, and now have 0/9 mp.
You now have 316 gold pieces (gained 6).
Things that are here:
a +0 dagger; a +0 robe 😎 MP[+9]
Your mp is fully restored (9).
You now have 324 gold pieces (gained 8).
Things that are here:
a +0 scale mail; a +0 club You now have 330 gold pieces (gained 6).
Things that are here:
a +0 leather armour; a +0 falchion of holy wrath You now have 333 gold pieces (gained 3).
Things that are here:
a +0 robe; a +0 dagger
n - 16 poisoned darts (gained 1)
n - 18 poisoned darts (gained 2)
n - 19 poisoned darts (gained 1)
You now have 338 gold pieces (gained 5).
t - 5 boomerangs You see here a +0 club.
A giant cockroach comes into view.
You throw a poisoned dart.
The poisoned dart closely misses the giant cockroach.
You throw a poisoned dart.
The poisoned dart barely misses the giant cockroach.
You throw a poisoned dart.
The poisoned dart hits the giant cockroach.
Casting: Searing Ray (safe; 2% risk of failure)
Confirm with . or Enter, or press ? or * to list all spells.
Aiming: Searing Ray (safe; 2% risk of failure)
Press: ? - help, Shift-Dir - straight line, f/p - giant cockroach
Aim: a giant cockroach (21% to evade)
The searing ray hits the giant cockroach.
You kill the giant cockroach! (Press . to maintain the ray.) 😎 MP[-2]
You lost 2 mp, and now have 7/9 mp.
You now have 345 gold pieces (gained 7).
n - 17 poisoned darts (gained 1)
A giant cockroach comes into view.
The giant cockroach moves out of view.
n - 19 poisoned darts (gained 2) 😎 MP[+2]
Your mp is fully restored (9).
The gnoll shouts!
You hear a shout!
An orc comes into view. It is wielding a +0 falchion.
Casting: Searing Ray (safe; 2% risk of failure)
Confirm with . or Enter, or press ? or * to list all spells.
Aiming: Magic Dart (safe; 1% risk of failure)
Press: ? - help, Shift-Dir - straight line, f - gnoll
Aim: a gnoll, wielding a +0 spear (0% to evade)
The magic dart hits the gnoll but does no damage. 😎 MP[-1]
You lost 1 mp, and now have 8/9 mp.
Casting: Magic Dart (safe; 1% risk of failure)
Confirm with . or Enter, or press ? or * to list all spells.
Aiming: Magic Dart (safe; 1% risk of failure)
Press: ? - help, Shift-Dir - straight line, f/p - gnoll
Aim: a gnoll, wielding a +0 spear (0% to evade)
The magic dart hits the gnoll. 😎 MP[-1]
You lost 1 mp, and now have 7/9 mp.
Casting: Magic Dart (safe; 1% risk of failure)
Confirm with . or Enter, or press ? or * to list all spells.
Aiming: Magic Dart (safe; 1% risk of failure)
Press: ? - help, Shift-Dir - straight line, f/p - gnoll
Aim: a gnoll, wielding a +0 spear (moderately wounded, 0% to evade)
The magic dart hits the gnoll! 😎 MP[-1]
You lost 1 mp, and now have 6/9 mp.
Casting: Magic Dart (safe; 1% risk of failure)
Confirm with . or Enter, or press ? or * to list all spells.
Aiming: Magic Dart (safe; 1% risk of failure)
Press: ? - help, Shift-Dir - straight line, f/p - gnoll
Aim: a gnoll, wielding a +0 spear (severely wounded, 0% to evade)
The magic dart hits the gnoll!
You kill the gnoll!
You have reached level 6!
Your experience leads to an increase in your attributes!
Increase (S)trength, (I)ntelligence, or (D)exterity?
You feel clever.
Your demonic ancestry asserts itself...
You feel resistant to cold. 😎 HP[+7] MP[-1]
You now have 46 max hp (+7).
Your hp is fully restored (46).
Are you sure you want to abandon this character and quit the game? (Confirm with "yes".)

Skill      XL: |  1  2  3  4  5 |
---------------+----------------+-----
Fighting       | 1 2 |  2.5
Conjurations   | 5 |  5.5
Spellcasting   | 3 |  3.2
Translocations | 1 |  1.7
Dodging        | |  1.7
Stealth        | |  1.7

Action                   |  1- 3 |  4- 6 || total
-------------------------+-------+-------++-------
Melee: Short sword       |    16 |    29 ||    45
Throw: Javelin           |     4 |    13 ||    17
       Dart              |       |     8 ||     8
 Cast: Magic Dart        |    71 |    44 ||   115
       Searing Ray       |     3 |    10 ||    13
Armor: Robe              |     2 |    24 ||    26
Dodge: Dodged            |    14 |    45 ||    59

Levels and vault maps discovered:
D:1:      onia_arrival_zoo_common, layout_loops_ring
D:2:      layout_basic, overflow_temple_1_default,
          nicolae_gozag_zags_fifth_avenue
D:3:      layout_basic, minmay_misc_feat_columns

Notes
Turn   | Place    | Note
-------+----------+-------------------------------------------
     0 | D:1      | phalm the Demonspawn Conjurer began the quest for the Orb.
     0 | D:1      | Reached XP level 1. HP: 13/13 MP: 3/3
     0 | D:1      | magus.rc [v1.9.10]
    31 | D:1      | Noticed a salamander
    31 | D:1      | Noticed a komodo dragon
    31 | D:1      | Noticed a four-headed hydra
    32 | D:1      | Noticed a lindwurm
   309 | D:1      | Gained mutation: You have sharp fingernails. [demonic
                  | ancestry]
   309 | D:1      | Reached XP level 2. HP: 16/20 MP: 0/5
   511 | D:1      | Learned a level 2 spell: Searing Ray
   805 | D:1      | Reached skill level 1 in Fighting
  1271 | D:2      | Found an iron altar of Okawaru.
  1462 | D:2      | Found Gozag's Platinum Reserve.
  1462 | D:2      | Found an opulent altar of Gozag.
  1498 | D:2      | Gained mutation: You are partially covered in thin metallic
                  | scales. (AC +2) [demonic ancestry]
  1498 | D:2      | Reached XP level 3. HP: 26/26 MP: 1/6
  1805 | D:2      | Became a worshipper of Gozag Ym Sagoz the Greedy
  2670 | D:3      | Noticed an ogre
  2862 | D:3      | Gained mutation: When hurt, damage is shared between your
                  | health and your magic reserves. [demonic ancestry]
  2862 | D:3      | Reached XP level 4. HP: 21/32 MP: 1/7
  3070 | D:3      | Reached skill level 5 in Conjurations
  3435 | D:3      | Reached skill level 2 in Fighting
  3510 | D:3      | Learned a level 4 spell: Iskenderun's Mystic Blast
  3683 | D:3      | Reached XP level 5. HP: 38/38 MP: 0/9
  3889 | D:3      | Reached skill level 3 in Spellcasting
  3911 | D:3      | Reached skill level 1 in Translocations
  4419 | D:3      | Gained mutation: Your flesh is cold resistant. (rC+)
                  | [demonic ancestry]
  4419 | D:3      | Reached XP level 6. HP: 46/46 MP: 5/10
  4419 | D:3      | Quit the game

Vanquished Creatures
  3 orc wizards (D:3)
  9 gnolls
  2 adders (D:3)
  An ooze (D:1)
  A worm (D:2)
  3 dart slugs
  8 orcs (D:3)
  4 bats
  4 giant cockroaches
  4 goblins
  6 hobgoblins
  4 jackals
  7 kobolds
  A quokka (D:2)
  5 frilled lizards
  8 rats
70 creatures vanquished.

Table legend:
 A = Non-vault XP
 B = Vault XP
 C = Vault XP percentage of total XP
 D = Non-vault monster count
 E = Vault monster count
 F = Vault count percentage of total count
                 A         B        C        D         E       F
            +---------+---------+-------+---------+---------+-------
      Total |     380 |       0 |   0.0 |      70 |       0 |   0.0
            +---------+---------+-------+---------+---------+-------
        D:1 |      33 |       0 |   0.0 |      16 |       0 |   0.0
        D:2 |      45 |       0 |   0.0 |      17 |       0 |   0.0
        D:3 |     302 |       0 |   0.0 |      37 |       0 |   0.0
            +---------+---------+-------+---------+---------+-------

Illustrated notes

Table legend:
 A = Kills in this place as a percentage of kills in entire the game.
 B = Kills by you in this place as a percentage of kills by you in the entire game.
 C = Kills by friends in this place as a percentage of kills by friends in the entire game.
 D = Other kills in this place as a percentage of other kills in the entire game.
 E = Experience gained in this place as a percentage of experience gained in the entire game.
 F = Experience gained in this place divided by the number of levels of this place that you have seen.
                   A       B       C       D       E      F
               +-------+-------+-------+-------+-------+----------------------
         Total | 100.0 | 100.0 |   N/A |   N/A | 100.0 | 126.7
       Dungeon | 100.0 | 100.0 |   N/A |   N/A | 100.0 | 126.7
               +-------+-------+-------+-------+-------+----------------------

Table legend: (Time is in decaauts)
 A = Elapsed time spent in this place.
 B = Non-inter-level travel time spent in this place.
 C = Inter-level travel time spent in this place.
 D = Time resting spent in this place.
 E = Time spent auto-exploring this place.
 F = Levels seen in this place.
 G = Mean time per level.
                   A        B        C        D        E       F      G
               +--------+--------+--------+--------+--------+-----+--------+
         Total |   4444 |   4194 |    250 |     49 |   3573 |   3 | 1481.3 |
       Dungeon |   4444 |   4194 |    250 |     49 |   3573 |   3 | 1481.3 |
               +--------+--------+--------+--------+--------+-----+--------+

Top non-repeatable levels by time:
     D:2: 1909 daAuts
     D:3: 1371 daAuts
     D:1: 1162 daAuts
